AoeStats
← wojopl31

Nomad

511055799Analyzed
2v2 RM · 5h ago on Oct 3, 2026· 51m 42s· 4 players
Game mode
Random Map
Map size
176×176
Population
200
Speed
Normal
Resources
Standard
Victory
Conquest
Starting age
Dark Age
Ending age
Imperial Age
RankedLock teamsTeams togetherTeam positionsShared explorationLock speedFull tech treeHidden civsTurbo modeCheats
Victory
Defeat
🇵🇱 Slavs · Poland
926
+12
🇵🇱 Bohemians · Poland
811
+17
🇺🇸 Slavs · United States
842
-15
🇦🇷 Aztecs · Argentina
822
-14
Mysterious Case
10:01 Loom
14:44 Feudal Age
15:20 Double-Bit Axe
15:34 Horse Collar
21:57 Castle Age
22:23 Gold Mining
23:24 Bow Saw
23:57 Medium Warships
25:42 Scale Mail Armor
34:01 Fishing Lines
34:52 Gillnets
38:02 Imperial Age
36:10 Wheelbarrow
38:03 Murder Holes
39:04 Chain Mail Armor
39:11 Pikeman
40:24 Plate Mail Armor
39:43 Light Cavalry
40:35 Forging
41:52 Two-Man Saw
42:53 Bloodlines
45:35 Iron Casting
48:08 Man-at-Arms
50:42 Onager
51:09 Long Swordsman
Dardo Fuseneco
15:09 Feudal Age
16:33 Double-Bit Axe
20:45 Castle Age
20:31 Town Watch
20:30 Fishing Lines
21:18 Gillnets
21:42 Bow Saw
22:45 Town Patrol
26:08 Loom
27:00 Wheelbarrow
DobryPablo
12:19 Loom
14:54 Feudal Age
17:35 Wheelbarrow
19:11 Double-Bit Axe
21:45 Castle Age
24:36 Horse Collar
25:27 Heavy Plow
29:28 Medium Warships
31:09 Hand Cart
38:52 Chemistry
40:03 Wagenburg Tactics
40:15 Squires
39:36 Pikeman
47:15 Imperial Age
44:33 Town Watch
wojopl31
8:25 Loom
14:43 Feudal Age
19:59 Castle Age
18:32 Double-Bit Axe
18:31 Horse Collar
18:38 Fishing Lines
20:47 Man-at-Arms
23:01 Scale Mail Armor
23:15 Long Swordsman
28:32 Fletching
39:04 Wheelbarrow
41:51 Imperial Age
41:59 Imperial Age
39:16 Town Watch
39:58 Scale Barding Armor
41:14 Bow Saw
40:45 Horse Collar
41:26 Detinets
42:53 Pikeman
43:34 Squires
44:23 Chain Mail Armor
44:19 Forging
46:12 Halberdier
48:07 Hoardings
48:16 Conscription
49:12 Plate Mail Armor
51:43 Druzhina
52:36 Iron Casting
51:56 Bodkin Arrow
Connection lost

Rejoining the realm…

Still unreachable

The connection could not be restored.

Session expired

The server has moved on; the page needs a fresh start.